 Dungeon Crawl Stone Soup version 0.27-a0-148-g9515ab555c (webtiles) character file.

Game seed: 11973169027705542177

819 timneilson the Covered (level 7, -3/44 HPs)
             Began as a Gargoyle Fighter on Jan 27, 2021.
             Slain by a centaur (5 damage)
             ... on level 5 of the Dungeon.
             The game lasted 00:05:48 (3775 turns).

timneilson the Covered (Gargoyle Fighter)           Turns: 3775, Time: 00:05:48

Health: -3/44      AC: 13    Str: 21    XL:     7   Next: 95%
Magic:  7/7        EV:  8    Int:  7    God:
Gold:   171        SH: 10    Dex: 11    Spells: 6/6 levels left

rFire    . . .     SeeInvis .   a - +0 long sword
rCold    . . .     Faith    .   c - +0 kite shield
rNeg     + . .     Spirit   .   b - +0 scale mail
rPois    ∞         Reflect  .   (no helmet)
rElec    +         Harm     .   (no cloak)
rCorr    .         Rampage  .   (no gloves)
Will     .....                  g - +0 pair of boots {Fly}
Stlth    ..........             (no amulet)
HPRegen  0.14/turn              (no ring)
MPRegen  0.10/turn              (no ring)

@: attractive, flying
A: talons 1, agile 1, dopey 1, negative energy resistance 1, electricity
resistance, unbreathing, petrification resistance, miasma immunity, AC +4
a: Stop Flying


You were on level 5 of the Dungeon.
You visited 1 branch of the dungeon, and saw 5 of its levels.

You collected 171 gold pieces.

Inventory:

Hand Weapons
 a - a +0 long sword (weapon)
Armour
 b - a +0 scale mail (worn)
 c - a +0 kite shield (worn)
 g - a +0 pair of boots of flying (worn)
Scrolls
 f - 2 scrolls of fog
 j - a scroll of teleportation
 m - a scroll of remove curse
Potions
 d - 3 potions of brilliance


   Skills:
 + Level 4.8 Fighting
 * Level 4.4 Long Blades
 * Level 6.0 Armour
 * Level 6.0 Shields


You had 6 spell levels left.
You didn't know any spells.
Your spell library was empty.

Dungeon Overview and Level Annotations

Branches:
Dungeon (5/15)
 Temple: D:4-7

Altars:


Innate Abilities, Weirdness & Mutations

You are resistant to torment.
Your stone body is resilient. (AC +4)
You are immune to poison.
You resist negative energy. (rN+)
You are resistant to electric shocks. (rElec)
You can survive without breathing.
You are immune to petrification.
You are immune to miasma.
You have sharp toenails.
You are agile. (Dex +2)
You are dopey. (Int -2)


Message History

The centaur is pulled toward you!
Your Armour skill increases to level 6!
Your Shields skill increases to level 6!
You hit the centaur.
The centaur is lightly wounded.
The centaur unwields a +0 shortbow.
The centaur barely misses you.
You riposte.
You slash the centaur!
The centaur is severely wounded.
The centaur hits you but does no damage.
You slash the centaur!
The centaur is almost dead.
You block the centaur's attack. x2
You closely miss the centaur.
The centaur is almost dead.
You block the centaur's attack.
The centaur hits you but does no damage.
You barely miss the centaur.
The centaur is almost dead.
The centaur hits you.
You die...

#.# #.# #.# #.#
######.###
.........##
#####y.#.## #
#...###.######
...h..#..#..c@...#
..####....######.#
#.....# #[#
##....# #.#
......# #.#
####.###
#.######### #.#
#.........# #+
#..######.# #..#
#.#


You could see a centaur.

Vanquished Creatures
  Sigmund (D:3)
  4 killer bees (D:5)
  3 howler monkeys
  An orc priest (D:4)
  A hound (D:4)
  4 worker ants (D:4)
  3 hound skeletons (D:4)
  4 gnolls (D:3)
  4 adders
  An adder skeleton (D:4)
  2 worms (D:4)
  A dart slug (D:1)
  4 leopard geckos
  15 orcs
  2 ball pythons
  2 giant cockroaches (D:3)
  2 goblins
  5 hobgoblins
  8 jackals (D:1)
  5 kobolds
  2 quokkas (D:2)
  6 bats
  2 frilled lizards
  A quokka skeleton (D:4)
  11 rats
94 creatures vanquished.

Notes
Turn   | Place    | Note
-------+----------+-------------------------------------------
     0 | D:1      | timneilson the Gargoyle Fighter began the quest for the
                  | Orb.
     0 | D:1      | Reached XP level 1. HP: 14/14 MP: 1/1
   281 | D:1      | Reached XP level 2. HP: 19/19 MP: 2/2
   769 | D:2      | Reached XP level 3. HP: 23/23 MP: 3/3
  1718 | D:3      | Reached XP level 4. HP: 11/28 MP: 4/4
  1801 | D:3      | Reached XP level 5. HP: 33/33 MP: 5/5
  1908 | D:3      | Noticed Sigmund
  1924 | D:3      | Killed Sigmund
  1925 | D:3      | Reached XP level 6. HP: 26/38 MP: 6/6
  2543 | D:4      | Reached skill level 5 in Armour
  2584 | D:4      | Reached skill level 5 in Shields
  2909 | D:4      | Reached XP level 7. HP: 42/44 MP: 7/7
  3622 | D:5      | Entered Level 5 of the Dungeon
  3746 | D:5      | Gained mutation: You have sharp toenails. [potion of
                  | mutation]
  3746 | D:5      | Gained mutation: You are dopey. (Int -2) [potion of
                  | mutation]
  3746 | D:5      | Gained mutation: You are agile. (Dex +2) [potion of
                  | mutation]
  3767 | D:5      | HP: 1/44 [howler monkey (3)]
  3775 | D:5      | Slain by a centaur

Illustrated notes

Levels and vault maps discovered:
D:1:      mrwooster_arrival_arrow, layout_loops_ring
D:2:      layout_basic, nrook_uturn, minmay_misc_feat_chi
D:3:      layout_loops_ring, uniq_sigmund
D:4:      minmay_recursive_quarters, layout_basic
D:5:      layout_loops_corners, gammafunk_ghost_abyssal_escape

Skill      XL: |  1  2  3  4  5  6  7 |
---------------+----------------------+-----
Long Blades    | 2 3 4 |  4.4
Armour         | 4 5 6 |  6.0
Shields        | 4 5 6 |  6.0
Fighting       | 4 |  4.8

Action                   |  1- 3 |  4- 6 |  7- 9 || total
-------------------------+-------+-------+-------++-------
Melee: Long sword        |   140 |   133 |   134 ||   407
  Use: Scroll            |     8 |     4 |     4 ||    16
       Potion            |     1 |     2 |     4 ||     7
Armor: Scale mail        |    86 |    95 |    97 ||   278
Dodge: Dodged            |    57 |    43 |    58 ||   158
Block: Kite shield       |    73 |    85 |   105 ||   263
       Rpst.: Long sword |    19 |    12 |    22 ||    53

Table legend: (Time is in decaauts)
 A = Elapsed time spent in this place.
 B = Non-inter-level travel time spent in this place.
 C = Inter-level travel time spent in this place.
 D = Time resting spent in this place.
 E = Time spent auto-exploring this place.
 F = Levels seen in this place.
 G = Mean time per level.
                   A        B        C        D        E       F      G
               +--------+--------+--------+--------+--------+-----+--------+
         Total |   3962 |   3852 |    110 |      0 |   2906 |   5 |  792.4 |
       Dungeon |   3962 |   3852 |    110 |      0 |   2906 |   5 |  792.4 |
               +--------+--------+--------+--------+--------+-----+--------+

Top non-repeatable levels by time:
     D:4: 1270 daAuts
     D:2: 986 daAuts
     D:3: 780 daAuts
     D:1: 742 daAuts
     D:5: 182 daAuts
